 Dungeon Crawl Stone Soup version 0.29.1-13-g9f3cf754e1 (webtiles) character file.

Game seed: 14451402363309114227

4 leafyfresh the Covert (level 1, 0/21 (23) HPs)
             Began as a Gnoll Delver on Feb 7, 2023.
             Slain by a necrophage (4 damage)
             ... on level 5 of the Dungeon.
             The game lasted 00:01:11 (394 turns).

leafyfresh the Covert (Gnoll Delver)                 Turns: 394, Time: 00:01:11

HP:   0/21 (23)     AC:  3    Str: 11    XL:     1   Next: 60%
MP:   1/1           EV: 13    Int:  9    God:
Gold: 22            SH:  0    Dex: 13    Spells: 0/0 levels left

rFire   . . .      SeeInvis .   a - +0 spear
rCold   . . .      Faith    .   (no shield)
rNeg    . . .      Spirit   .   b - +0 leather armour
rPois   .          Reflect  .   (no helmet)
rElec   .          Harm     .   (no cloak)
rCorr   .          Rampage  .   (no gloves)
Will    .....                   (no boots)
Stlth   ++++......              (no amulet)
HPRegen 0.07/turn               (no ring)
MPRegen 0.07/turn               (no ring)

@: drained
A: fangs 1, strong nose, distributed training
a: no special abilities


You were on level 5 of the Dungeon.
You visited 1 branch of the dungeon, and saw 1 of its levels.

You collected 22 gold pieces.

Inventory:

Hand Weapons
 a - a +0 spear (weapon)
Armour
 b - a +0 leather armour (worn)
 j - a scarf of harm
Wands
 g - a wand of digging (3)
Scrolls
 c - 2 scrolls of fog
 d - a scroll of magic mapping
 e - a scroll of fear
 i - a scroll of teleportation {unknown}
Potions
 f - a potion of haste
 h - a potion of curing {unknown}


   Skills:
 + Level 6.4 Fighting
 + Level 0.1 Short Blades
 + Level 0.1 Long Blades
 + Level 0.1 Axes
 + Level 0.1 Maces & Flails
 + Level 4.4 Polearms
 + Level 0.1 Staves
 + Level 0.1 Ranged Weapons
 + Level 0.1 Throwing
 + Level 0.1 Armour
 + Level 4.4 Dodging
 + Level 9.5 Stealth
 + Level 0.1 Shields
 + Level 0.1 Unarmed Combat
 + Level 0.1 Spellcasting
 + Level 0.1 Conjurations
 + Level 0.1 Hexes
 + Level 0.1 Summonings
 + Level 0.1 Necromancy
 + Level 0.1 Translocations
 + Level 0.1 Transmutations
 + Level 0.1 Fire Magic
 + Level 0.1 Ice Magic
 + Level 0.1 Air Magic
 + Level 0.1 Earth Magic
 + Level 0.1 Poison Magic
 + Level 0.2 Invocations
 + Level 0.1 Evocations


You couldn't memorise any spells.
You didn't know any spells.
Your spell library was empty.

Dungeon Overview and Level Annotations

Branches:
Dungeon (5/15)
 Temple: D:4-7

Altars:


Innate Abilities, Weirdness & Mutations

You have very sharp teeth.
Your uncanny sense of smell can sniff out nearby items.
Your experience applies equally to all skills.


Message History

A necrophage comes into view.
A necrophage is nearby!
You see here a +0 hand axe.
An adder comes into view.
Found 12 gold pieces.
You see here 12 gold pieces.
Found a leather armour.
You see here a +0 hand axe.
Found 7 stones.
The necrophage attacks as you move away!
The necrophage barely misses you.
The necrophage attacks as you move away!
The necrophage hits you.
You feel drained.
You hit the necrophage but do no damage.
Your bite misses the necrophage.
The necrophage hits you but does no damage.
You hit the necrophage but do no damage.
Your bite misses the necrophage. The necrophage hits you!
You barely miss the necrophage. The necrophage barely misses you.
You hit the necrophage.
The necrophage is lightly damaged.
You barely miss the necrophage.
The necrophage is lightly damaged.
The necrophage misses you.
You hit the necrophage but do no damage.
The necrophage is lightly damaged.
The necrophage hits you.
* * * LOW HITPOINT WARNING * * *
You hit the necrophage.
The necrophage is lightly damaged.
The necrophage hits you.
* * * LOW HITPOINT WARNING * * *
You feel drained.
You hit the necrophage.
The necrophage is lightly damaged.
The necrophage barely misses you.
You hit the necrophage.
The necrophage is lightly damaged.
The necrophage hits you.
You die...

.. #......#
##########.##.#.#
#...n......(..#.#
#.########.#### #
#.....# #.#
#####.####.#
#......# ######n#
#@# #.# ###


You could see a necrophage.

Vanquished Creatures
  2 orcs (D:5)
2 creatures vanquished.

Notes
Turn   | Place    | Note
-------+----------+-------------------------------------------
     0 | D:5      | Reached skill level 9 in Stealth
     0 | D:5      | leafyfresh the Gnoll Delver began the quest for the Orb.
     0 | D:5      | Reached XP level 1. HP: 23/23 MP: 1/1
   162 | D:5      | Noticed a phantom
   267 | D:5      | Noticed a necrophage
   394 | D:5      | Slain by a necrophage

Illustrated notes

Levels and vault maps discovered:
D:5:      nicolae_cairo_tiling, layout_basic, serial_glass, glass_columns_a,
          glass_columns_c, chequers_serial_rivers_room_a

Skill      XL: | |
---------------+-+-----
Stealth        | |  9.5
Fighting       | |  6.4
Short Blades   | |  0.1
Long Blades    | |  0.1
Axes           | |  0.1
Maces & Flails | |  0.1
Polearms       | |  4.4
Staves         | |  0.1
Ranged Weapons | |  0.1
Throwing       | |  0.1
Armour         | |  0.1
Dodging        | |  4.4
Shields        | |  0.1
Unarmed Combat | |  0.1
Spellcasting   | |  0.1
Conjurations   | |  0.1
Hexes          | |  0.1
Summonings     | |  0.1
Necromancy     | |  0.1
Translocations | |  0.1
Transmutations | |  0.1
Fire Magic     | |  0.1
Ice Magic      | |  0.1
Air Magic      | |  0.1
Earth Magic    | |  0.1
Poison Magic   | |  0.1
Invocations    | |  0.2
Evocations     | |  0.1

Action                   || total
-------------------------++-------
Melee: Spear             ||    16
Armor: Leather armour    ||     1
Dodge: Dodged            ||     5
